 Dungeon Crawl Stone Soup version 0.28-a0-1520-gc3277d3759 (webtiles) character file.

Game seed: 2951269989800969021

294 tilp the Chiller (level 6, -2/26 HPs)
             Began as a Felid Ice Elementalist on Jan 17, 2022.
             Was an Initiate of Vehumet.
             Killed by an exploding yak (28 damage)
             ... ignited by their inner flame
             ... on level 5 of the Dungeon.
             The game lasted 00:09:45 (6611 turns).

tilp the Chiller (Felid Ice Elementalist)           Turns: 6611, Time: 00:09:45

Health: -2/26      AC:  6    Str:  4    XL:     6   Next: 11%
Magic:  5/11       EV: 18    Int: 18    God:    Vehumet [......]
Gold:   366        SH:  0    Dex: 17    Spells: 4/11 levels left
                                        Lives:  0   Deaths: 1

rFire   . . .      SeeInvis +     - Unarmed
rCold   . . .      Faith    .   (shield unavailable)
rNeg    . . .      Spirit   .   (armour unavailable)
rPois   .          Reflect  .   (helmet unavailable)
rElec   .          Harm     .   (cloak unavailable)
rCorr   .          Rampage  .   (gloves unavailable)
Will    .....                   (boots unavailable)
Stlth   +++.......              (no amulet)
HPRegen 0.08/turn               b - +4 ring of protection
MPRegen 0.12/turn               (no ring)

@: freezing walls, quick
A: very small, claws 1, fangs 3, see invisible, speed 1, shaggy fur 2, stealthy
paws, no weapons or thrown items, no armour, multi-lived
a: Renounce Religion


You were on level 5 of the Dungeon.
You worshipped Vehumet.
Vehumet was noncommittal.
You visited 2 branches of the dungeon, and saw 6 of its levels.
You also visited: Ossuary.

You collected 366 gold pieces.

Inventory:

Jewellery
 a - a ring of ice
 b - a +4 ring of protection (left paw)
Wands
 i - a wand of polymorph (5)
Scrolls
 q - a scroll of amnesia
Potions
 c - 2 potions of magic
 d - 2 potions of flight
 e - a potion of haste {unknown}
 g - 2 potions of curing
 h - a potion of berserk rage {unknown}
 j - a potion of invisibility {unknown}
 k - 2 potions of lignification
 l - a potion of might {unknown}
 n - 3 potions of attraction
 p - a potion of ambrosia {unknown}


   Skills:
 * Level 2.1 Fighting
 + Level 3.4 Dodging
 + Level 3.6 Stealth
 + Level 1.3 Unarmed Combat
 - Level 3.0 Spellcasting
 - Level 6.0 Ice Magic


You had 4 spell levels left.
You knew the following spells:

 Your Spells              Type           Power      Damage    Failure   Level
a - Freeze                Ice            96%        1d11      1%          1
b - Frozen Ramparts       Ice            48%        1d6       4%          3
c - Ozocubu's Armour      Ice            24%        N/A       4%          3

Your spell library contained the following spells:

 Spells                   Type           Power      Damage    Failure   Level
 Hailstorm                Conj/Ice       13%        3d5       43%         4


Dungeon Overview and Level Annotations

Branches:
Dungeon (5/15)             Temple (1/1) D:4         Ossuary (visited)

Altars:
Cheibriados
Dithmenos
Elyvilon
Fedhas
Hepliaklqana
Ru
Sif Muna
Vehumet
Wu Jian
Yredelemnul
Zin
The Shining One

Annotations:
D:4 dig vault


Innate Abilities, Weirdness & Mutations

You have sharp claws.
You have razor-sharp teeth.
You have supernaturally acute eyesight. (SInv)
You cover ground quickly. (Speed+)
You are covered in thick fur. (AC +2)
Your paws help you pounce on unaware monsters.
You are incapable of wielding weapons or throwing items.
You cannot wear armour.
You gain extra lives every three experience levels.


Message History

Really read the scroll of immolation?
As you read the scroll of immolation, it crumbles to dust.
The creatures around you are filled with an inner flame!
Casting: Frozen Ramparts (quite dangerous; 4% risk of failure)
Confirm with . or Enter, or press ? or * to list all spells.
The spell is quite dangerous to miscast (4% risk of failure)!
Continue anyway?
Okay, then.
Unknown command.
Casting: Frozen Ramparts (quite dangerous; 4% risk of failure)
Confirm with . or Enter, or press ? or * to list all spells.
The spell is quite dangerous to miscast (4% risk of failure)!
Continue anyway?
Casting: Frozen Ramparts (quite dangerous; 4% risk of failure)
Press: ? - help, Dir - look around, f - activate The walls around you are covered in ice.
The wall freezes the yak.
Flame seeps out of the yak.
Unknown command.
The wall freezes the yak.
Flame seeps out of the yak.
Your frozen ramparts will break if you move.
Continue?
The frozen ramparts melt away as you move.
Casting: Frozen Ramparts (quite dangerous; 4% risk of failure)
Confirm with . or Enter, or press ? or * to list all spells.
The spell is quite dangerous to miscast (4% risk of failure)!
Continue anyway?
Casting: Frozen Ramparts (quite dangerous; 4% risk of failure)
Press: ? - help, Dir - look around, f - activate The walls around you are covered in ice.
The wall freezes the yak.
Flame seeps out of the yak.
The wall freezes the yak.
Flame seeps out of the yak.
Casting: Frozen Ramparts (quite dangerous; 4% risk of failure)
Confirm with . or Enter, or press ? or * to list all spells.
Aiming: Freeze (safe; 1% risk of failure)
Press: ? - help, Shift-Dir - straight line, f - yak
Aim: a yak (moderately wounded, inner flame)
You freeze the yak!
Flame seeps out of the yak.
The yak is severely wounded.
The yak is engulfed in blazing flames.
Vehumet accepts your kill.
The yak explodes!
The fiery explosion engulfs you!!
Ouch! That really hurt!
You die...

#.......#
#.#######
#.#####
#.#...##
#..._..#
#°.8.8.#
#○§....#
#○#...##
#@#.###
#...#
#####


There were no monsters in sight!

Vanquished Creatures
  A yak (D:5)
  A centaur skeleton (D:4)
  Jessica (D:2)
  Ijyb (D:3)
  Natasha (thrice) (D:2)
  8 mummies (Ossuary)
  3 adders
  An ufetubus (D:4)
  A worm zombie (D:4)
  An adder skeleton (D:4)
  4 dart slugs
  5 orcs
  4 endoplasms
  2 giant cockroaches (D:1)
  10 hobgoblins
  4 jackals (D:1)
  2 quokkas
  5 ball pythons
  5 bats
  3 frilled lizards
  5 goblins
  A hobgoblin zombie (Ossuary)
  9 kobolds
  5 kobold zombies (Ossuary)
  2 orc zombies (Ossuary)
  7 rats
94 creatures vanquished.

Vanquished Creatures (others)
  A wyvern skeleton (D:3)
  21 plants (D:3)
22 creatures vanquished.

Grand Total: 116 creatures vanquished

Notes
Turn   | Place    | Note
-------+----------+-------------------------------------------
     0 | D:1      | tilp the Felid Ice Elementalist began the quest for the
                  | Orb.
     0 | D:1      | Reached XP level 1. HP: 7/7 MP: 4/4
   371 | D:1      | Reached XP level 2. HP: 3/11 MP: 0/6
   399 | D:1      | Reached skill level 4 in Ice Magic
   616 | D:1      | Found a faded altar of an unknown god.
  1016 | D:1      | Reached XP level 3. HP: 12/14 MP: 5/7
  1083 | D:1      | Learned a level 3 spell: Frozen Ramparts
  1087 | D:1      | Learned a level 3 spell: Ozocubu's Armour
  1837 | D:2      | Found a basalt altar of Yredelemnul.
  1864 | D:2      | Noticed Natasha
  1868 | D:2      | Killed Natasha
  1972 | D:2      | Reached XP level 4. HP: 14/18 MP: 6/9
  2460 | D:2      | Noticed Natasha
  2464 | D:2      | Killed Natasha
  2537 | D:2      | Noticed Jessica
  2543 | D:2      | Killed Jessica
  2544 | D:2      | Reached skill level 5 in Ice Magic
  2729 | D:2      | Noticed Natasha
  2739 | D:2      | Killed Natasha
  2740 | D:2      | Reached XP level 5. HP: 21/21 MP: 2/10
  2929 | D:3      | Noticed Ijyb
  3004 | D:3      | Killed Ijyb
  3876 | D:3      | HP: 1/21 [wyvern skeleton (5)]
  3899 | D:3      | Reached skill level 6 in Ice Magic
  4698 | D:4      | Identified the +1 scale mail of Ummuk {rElec rC- Dex+3
                  | Slay+2}
  4780 | D:4      | Found a sand-covered staircase.
  4806 | D:4      | Found a staircase to the Ecumenical Temple.
  4815 | Temple   | Entered the Ecumenical Temple
  4875 | Temple   | Became a worshipper of Vehumet
  4907 | Ossuary  | Entered an ossuary
  5081 | Ossuary  | Gained mutation: You are covered in thick fur. (AC +2)
                  | [Felid growth]
  5081 | Ossuary  | Reached XP level 6. HP: 25/25 MP: 9/11
  5130 | Ossuary  | Mangled by a mummy
  5131 | Ossuary  | Reached XP level 5. HP: -6/21 MP: 10/10
  5203 | Ossuary  | Reached skill level 1 in Fighting
  5688 | Ossuary  | Reached skill level 1 in Unarmed Combat
  6201 | D:4      | Reached XP level 6. HP: 26/26 MP: 8/11
  6568 | D:4      | You fall into a shaft and drop 1 floor!
  6568 | D:5      | Entered Level 5 of the Dungeon
  6568 | D:5      | Noticed a yak
  6568 | D:5      | Found a sacrificial altar of Ru.
  6611 | D:5      | Killed a yak
  6611 | D:5      | Killed by an exploding yak... ignited by their inner flame

Illustrated notes

Levels and vault maps discovered:
D:1:      lemuel_arrival_muddy, layout_basic, dreamdust_ecumenical_altar_statues
D:2:      layout_basic, basic_altar, kennysheep_generic_room_6, uniq_natasha,
          uniq_jessica
D:3:      layout_rooms, minmay_misc_feat_secret_circle,
          minmay_misc_feat_enclosed, lexackson_kobold_supper, uniq_ijyb
D:4:      layout_layer_cave, minmay_temple_entry_wispy, serial_glass,
          glass_columns_b, glass_columns_b, item_on_display_a,
          due_unseen_surprise, feat_on_display, feat_on_display,
          enter_ossuary_3, ebering_ghost_sewer_d, serial_bayou_pond_e
D:5:      layout_loops_ring, hangedman_feature_mirror, minmay_small_thing
Temple:   mainiacjoe_temple_circle_huts

Skill      XL: |  1  2  3  4  5 |
---------------+----------------+-----
Ice Magic      | 4 5 6 |  6.0
Spellcasting   | 3 |  3.0
Fighting       | 2 |  2.1
Stealth        | 3 |  3.6
Dodging        | 3 |  3.4
Unarmed Combat | 1 |  1.3

Action                   |  1- 3 |  4- 6 || total
-------------------------+-------+-------++-------
Melee: Unarmed           |    30 |   222 ||   252
       Bite              |     1 |    31 ||    32
       Punch             |     1 |     8 ||     9
 Cast: Freeze            |    40 |    25 ||    65
       Frozen Ramparts   |       |    17 ||    17
       Ozocubu's Armour  |       |    11 ||    11
  Use: Potion            |     2 |     1 ||     3
       Scroll            |     2 |     8 ||    10
 Stab: Sleeping          |    11 |     4 ||    15
Armor: Skin              |     3 |    46 ||    49
Dodge: Dodged            |    59 |   141 ||   200

Table legend: (Time is in decaauts)
 A = Elapsed time spent in this place.
 B = Non-inter-level travel time spent in this place.
 C = Inter-level travel time spent in this place.
 D = Time resting spent in this place.
 E = Time spent auto-exploring this place.
 F = Levels seen in this place.
 G = Mean time per level.
                   A        B        C        D        E       F      G
               +--------+--------+--------+--------+--------+-----+--------+
         Total |   6094 |   5895 |    199 |   2053 |   2775 |   7 |  870.6 |
       Dungeon |   4792 |   4608 |    184 |   1153 |   2730 |   5 |  958.4 |
        Temple |     65 |     50 |     15 |      0 |      0 |   1 |   65.0 |
       Ossuary |   1236 |   1236 |      0 |    900 |     45 |   1 | 1236.0 |
               +--------+--------+--------+--------+--------+-----+--------+

Top non-repeatable levels by time:
     D:1: 1553 daAuts
     D:2: 1364 daAuts
     D:3: 1341 daAuts
 Ossuary: 1236 daAuts
     D:4: 498 daAuts
  Temple: 65 daAuts
     D:5: 35 daAuts
